 Dungeon Crawl Stone Soup version 0.31-a0-949-g57150269e1 (webtiles) character file.

Game seed: 9767910963242163665

3851 CowFu the Changeling (level 9, -5/78 HPs)
             Began as a Yellow Draconian Shapeshifter on Oct 22, 2023.
             Was a Believer of Wu Jian.
             Slain by a wyvern (15 damage)
             ... on level 9 of the Dungeon.
             The game lasted 00:13:56 (7132 turns).

CowFu the Changeling (DrSh)                         Turns: 7132, Time: 00:13:57

Health: -5/78      AC:  7    Str: 26    XL:     9   Next: 99%
Magic:  9/9        EV: 12    Int: 10    God:    Wu Jian [**....]
Gold:   1373       SH: 14    Dex: 12    Spells: 8/8 levels left

rFire   . .          .
                       - Unarmed
rCold   . . .        x - +0 tower shield
rNeg    . . .        (body armour unavailable)
rPois   .            (helmet currently unavailable)
rElec   .            (cloak currently unavailable)
rCorr   +            (gloves currently unavailable)
SInv    .            (boots currently unavailable)
Will    +....        (no amulet)
Stlth   ++           i - +6 ring of strength
HPRegen 0.33/turn    g - ring of willpower
MPRegen 0.11/turn

%: no passive effects
@: beast-form
A: beast (slay +4), spit acid, AC +7, unfitting armour, cold-blooded, acid
resistance
a: Breathe Acid, Begin Untransformation, Renounce Religion, Wall Jump


You were on level 9 of the Dungeon.
You worshipped Wu Jian.
Wu Jian was pleased with you.
You were a hulking beast.
You visited 2 branches of the dungeon, and saw 10 of its levels.

You collected 1373 gold pieces.

Inventory:

Hand Weapons
 b - the +5 sling "Kelam" {drain, rN++ Int+2 Dex+4}
   (You found it on level 3 of the Dungeon)

   Int+2:     It affects your intelligence (+2).
   Dex+4:     It affects your dexterity (+4).
   rN++:      It greatly protects you from negative energy.
Armour
 h - a +0 pair of gloves
 u - a +0 pair of boots
 x - a +0 tower shield (worn)
Jewellery
 g - a ring of willpower (right hand)
 i - a +6 ring of strength (left hand)
Talismans
 c - a flux talisman
 m - a beast talisman (active)
Wands
 o - a wand of flame (42)
 s - a wand of roots (23)
Scrolls
 d - a scroll of immolation {unknown}
 j - 3 scrolls of vulnerability
 k - a scroll of acquirement
 q - 2 scrolls of identify
 v - 2 scrolls of teleportation
 y - a scroll of amnesia {unknown}
Potions
 a - 2 potions of lignification
 e - 4 potions of curing
 f - 2 potions of mutation
 l - a potion of berserk rage
 n - 3 potions of heal wounds
 p - a potion of might
 r - a potion of enlightenment
 t - a potion of haste
 w - 2 potions of attraction


   Skills:
 + Level 6.5 Fighting
 + Level 6.3 Dodging
 + Level 1.9 Stealth
 + Level 6.4 Shields
 + Level 6.3 Unarmed Combat
 - Level 7.0 Shapeshifting


You had 8 spell levels left.
You didn't know any spells.
Your spell library contained the following spells:

 Spells                   Type           Power      Damage    Failure   Level
 Call Canine Familiar     Summ           0%         N/A       99%         3
 Sigil of Binding         Hex            0%         N/A       99%         3
 Tukima's Dance           Hex            0%         N/A       99%         3
 Dimensional Bullseye     Hex/Tloc       0%         N/A       100%        4
 Iskenderun's Mystic Bla  Conj/Tloc      0%         2d3       100%        4
 Leda's Liquefaction      Hex/Erth       0%         N/A       100%        4


Dungeon Overview and Level Annotations

Branches:
Dungeon (9/15)             Temple (1/1) D:6            Lair (0/5) D:8
    Orc: D:9-12

Altars:
Dithmenos
Elyvilon
Fedhas
Gozag
Hepliaklqana
Kikubaaqudgha
Makhleb
Nemelex Xobeh
Okawaru
Qazlal
Ru
Sif Muna
Uskayaw
Vehumet
Wu Jian
Xom
Yredelemnul
The Shining One
Lugonu


Innate Abilities, Weirdness & Mutations

You are a hulking beast.
Your limbs bulge with bestial killing power. (Slay +4)
You can spit globs of acid.
Your golden yellow scales are hard. (AC +7)
You cannot fit into any form of body armour.
You are cold-blooded and may be slowed by cold attacks.
You are resistant to acid. (rCorr)


Message History

You feel sick. You block the hornet's attack. x2
You punch the hornet!
Your tail-slap misses the hornet.
The hornet is almost dead.
You feel sick. You block the hornet's attack. x2
You hit the hornet.
The hornet is almost dead.
You feel sick. You block the hornet's attack. x2
You punch the hornet!
You kill the hornet!
The Council accepts your kill.
You feel sick.
You are no longer poisoned.
The wyvern misses you.
You closely miss the wyvern. The wyvern bites you!
You block the wyvern's attack.
You hit the wyvern.
The wyvern is lightly wounded.
The wyvern bites you.
You barely miss the wyvern. You tail-slap the wyvern!
The wyvern is moderately wounded.
The wyvern bites you but does no damage.
You block the wyvern's attack.
You barely miss the wyvern.
The wyvern is moderately wounded.
The wyvern barely misses you. You block the wyvern's attack.
You punch the wyvern!
The wyvern is almost dead.
You block the wyvern's attack.
You closely miss the wyvern.
The wyvern is almost dead.
The wyvern bites you! x2
* * * LOW HITPOINT WARNING * * *
You hit the wyvern.
The wyvern is almost dead.
The wyvern bites you.
* * * LOW HITPOINT WARNING * * *
You hit the wyvern.
The wyvern is almost dead.
The wyvern bites you!
You die...

.....
#....
#....
#....#####
#....+...#
#....#...#
#....#...#
+....lh..#
#....#...#
#....#<..#
#....#####
#....
......
.....##
.....


You could see a wyvern.

Vanquished Creatures
  A kobold demonologist (D:9)
  2 unseen horror zombies (D:8)
  A hornet (D:9)
  2 ice beasts (D:6)
  5 orc warriors
  3 black bears
  An ogre (D:6)
  A phantom (D:4)
  3 bullfrogs (D:8)
  A kobold brigand (D:8)
  A gnoll sergeant (D:8)
  3 scorpions
  A wyvern zombie (D:8)
  3 necrophages (D:8)
  5 wights (D:8)
  2 centaur zombies (D:8)
  A human zombie (D:8)
  2 hounds (D:5)
  A gnoll bouda (D:8)
  Terence (D:2)
  5 orc wizards
  A sleepcap (D:5)
  4 iguanas
  A mummy (D:8)
  8 gnolls (D:8)
  10 adders
  A shadow imp (D:7)
  2 white imps
  A worm (D:5)
  2 dart slugs
  25 orcs
  7 ball pythons
  6 bats
  7 endoplasms
  2 giant cockroaches
  8 goblins
  7 hobgoblins
  8 jackals
  13 kobolds
  6 quokkas
  3 frilled lizards
  11 rats
178 creatures vanquished.

Notes
Turn   | Place    | Note
-------+----------+-------------------------------------------
     0 | D:1      | CowFu the Draconian Shapeshifter began the quest for the
                  | Orb.
     0 | D:1      | Reached XP level 1. HP: 16/16 MP: 1/1
   111 | D:1      | Reached XP level 2. HP: 21/23 MP: 2/2
   705 | D:2      | Reached XP level 3. HP: 29/29 MP: 3/3
   844 | D:2      | Noticed Terence
   860 | D:2      | Killed Terence
   978 | D:2      | Reached XP level 4. HP: 37/37 MP: 4/4
  1684 | D:3      | Identified the +5 sling "Kelam" {drain, rN++ Int+2 Dex+4}
  1903 | D:3      | Reached XP level 5. HP: 42/42 MP: 5/5
  1953 | D:3      | Reached skill level 1 in Shields
  1975 | D:3      | Found an iron altar of Okawaru.
  2117 | D:3      | Found a shimmering altar of Xom.
  2366 | D:4      | Noticed a black bear
  2371 | D:4      | Killed a black bear
  2372 | D:4      | Reached XP level 6. HP: 51/51 MP: 6/6
  2521 | D:4      | Reached skill level 4 in Shapeshifting
  2774 | D:5      | Entered Level 5 of the Dungeon
  2928 | D:5      | Your scales start taking on a golden yellow colour.
  2928 | D:5      | Reached XP level 7. HP: 58/58 MP: 7/7
  2928 | D:5      | Gained mutation: You are resistant to acid. (rCorr) [Yellow
                  | Draconian growth]
  3062 | D:5      | Found an ornate altar of the Wu Jian Council.
  3120 | D:5      | Found a sacrificial altar of Ru.
  3797 | D:6      | Identified a scroll of acquirement
  3803 | D:6      | Reached skill level 5 in Unarmed Combat
  3907 | D:6      | Acquired 954 gold pieces
  3918 | D:6      | Found a staircase to the Ecumenical Temple.
  3936 | Temple   | Entered the Ecumenical Temple
  4007 | D:5      | Became a worshipper of the Wu Jian Council
  4202 | D:6      | Reached XP level 8. HP: 67/67 MP: 8/8
  4236 | D:6      | Identified the +1 chain mail "Zanaul" {rC+ Dex+5}
  4250 | D:6      | Found a stormy altar of Qazlal.
  4326 | D:6      | Reached skill level 5 in Shapeshifting
  4360 | D:6      | Reached skill level 5 in Fighting
  4392 | D:6      | Found a shadowy altar of Dithmenos.
  4393 | D:6      | Found a hazy altar of Hepliaklqana.
  5602 | D:8      | Reached skill level 5 in Dodging
  5605 | D:8      | Reached * piety under Wu Jian
  5793 | D:8      | Reached XP level 9. HP: 75/75 MP: 9/9
  5866 | D:8      | Reached skill level 5 in Shields
  5866 | D:8      | Reached skill level 6 in Shapeshifting
  6062 | D:8      | You fall into a shaft and drop 1 floor!
  6062 | D:9      | Identified the of Ubocerut
  6081 | D:9      | Noticed a kobold demonologist
  6096 | D:9      | Killed a kobold demonologist
  6280 | D:8      | Found a staircase to the Lair.
  6352 | D:8      | Reached skill level 7 in Shapeshifting
  6502 | D:8      | Found an opulent altar of Gozag.
  6696 | D:8      | Reached skill level 1 in Stealth
  6738 | D:8      | Reached ** piety under Wu Jian
  6772 | D:8      | Found an ancient bone altar of Kikubaaqudgha.
  7132 | D:9      | Slain by a wyvern

Illustrated notes

Levels and vault maps discovered:
D:1:      dpeg_arrival_refuge, layout_loops_ring, minmay_pentomino_p4
D:2:      minmay_thinvault, layout_rooms, uniq_terence
D:3:      layout_rooms, mainiacjoe_overflow_concentric_impassable,
          okawaru_metal_pillars_1_2
D:4:      layout_basic, nicolae_twisty_statue_hallways
D:5:      layout_loops_ring, mainiacjoe_overflow_swirl, lemuel_flamethrower_2
D:6:      layout_basic, riverfiend_overflow_shadow_ancestor,
          grunt_qazlal_sundering, minmay_temple_entry_glassed_door
D:7:      layout_gridville, mrwooster_statue_mirror
D:8:      layout_basic, grunt_gozag_statues,
          lemuel_mausoleum_altar_kikubaaqudgha, lair_entry_dummy
D:9:      layout_irregular_city
Temple:   corrupted_temple

Skill      XL: |  1  2  3  4  5  6  7  8  9 |
---------------+----------------------------+-----
Dodging        | 2 3 4 5 6 |  6.3
Fighting       | 2 3 4 5 6 |  6.5
Shields        | 1 2 3 4 6 |  6.4
Unarmed Combat | 4 5 6 |  6.3
Shapeshifting  | 4 5 7 |  7.0
Stealth        | 1 |  1.9

Action                     |  1- 3 |  4- 6 |  7- 9 || total
---------------------------+-------+-------+-------++-------
  Melee: Unarmed           |    92 |    46 |   121 ||   259
         Tailslap          |    12 |     6 |    26 ||    44
   Fire: Sling             |       |    94 |   199 ||   293
Ability: Lunge             |       |       |     3 ||     3
    Use: Potion            |     1 |       |     3 ||     4
         Scroll            |       |       |    15 ||    15
   Stab: Sleeping          |     2 |     1 |       ||     3
 Armour: Skin              |    42 |    44 |   138 ||   224
  Dodge: Dodged            |    55 |    48 |    98 ||   201
  Block: Buckler           |       |    21 |    19 ||    40
         Kite shield       |       |       |    40 ||    40
         Tower shield      |       |       |    73 ||    73

Table legend: (Time is in decaauts)
 A = Elapsed time spent in this place.
 B = Non-inter-level travel time spent in this place.
 C = Inter-level travel time spent in this place.
 D = Time resting spent in this place.
 E = Time spent auto-exploring this place.
 F = Levels seen in this place.
 G = Mean time per level.
                   A        B        C        D        E       F      G
               +--------+--------+--------+--------+--------+-----+--------+
         Total |   7269 |   6787 |    482 |    100 |   5314 |  10 |  726.9 |
       Dungeon |   7249 |   6777 |    472 |    100 |   5314 |   9 |  805.4 |
        Temple |     19 |      9 |     10 |      0 |      0 |   1 |   19.0 |
               +--------+--------+--------+--------+--------+-----+--------+

Top non-repeatable levels by time:
     D:8: 1645 daAuts
     D:5: 1035 daAuts
     D:7: 987 daAuts
     D:2: 960 daAuts
     D:1: 697 daAuts
     D:6: 695 daAuts
     D:3: 602 daAuts
     D:4: 540 daAuts
     D:9: 85 daAuts
  Temple: 19 daAuts
